 Dungeon Crawl Stone Soup version 0.31-a0-175-g9f7f995f2b (webtiles) character file.

Game seed: 7230019690598135721

435 pokeman the Magician (level 6, -7/34 HPs)
             Began as a Deep Elf Hedge Wizard on June 17, 2023.
             Killed from afar by an orc wizard (8 damage)
             ... with a magic dart
             ... on level 4 of the Dungeon.
             The game lasted 00:09:14 (3404 turns).

pokeman the Magician (Deep Elf Hedge Wizard)        Turns: 3404, Time: 00:09:14

Health: -7/34      AC:  3    Str:  7    XL:     6   Next: 68%
Magic:  18/18      EV: 13    Int: 21    God:
Gold:   182        SH:  0    Dex: 14    Spells: 6/19 levels left

rFire   + . .        a - +0 dagger
rCold   + . .        (no shield)
rNeg    . . .        b - +0 robe
rPois   +            c - +0 hat
rElec   +            q - +0 cloak
rCorr   +            (no gloves)
SInv    .            (no boots)
Will    .....        p - amulet of magic regeneration
Stlth   +            (no ring)
HPRegen 0.25/turn    (no ring)
MPRegen 0.56/turn

%: no passive effects
@: confused, brilliant, resistant
A: no striking features
a: no special abilities


You were on level 4 of the Dungeon.
You visited 1 branch of the dungeon, and saw 4 of its levels.

You collected 182 gold pieces.

Inventory:

Hand Weapons
 a - a +0 dagger (weapon)
Missiles
 t - a throwing net
Armour
 b - a +0 robe (worn)
 c - a +0 hat (worn)
 q - a +0 cloak (worn)
Magical Staves
 r - a staff of death
Jewellery
 p - an amulet of magic regeneration (around neck)
Scrolls
 f - 3 scrolls of identify {unknown}
 g - a scroll of vulnerability {unknown}
 l - a scroll of blinking {unknown}
 o - 5 scrolls of teleportation {unknown}
 u - a scroll of silence {unknown}
Potions
 d - a potion of magic
 e - a potion of brilliance
 h - 2 potions of resistance
 i - a potion of curing {unknown}
 j - a potion of enlightenment {unknown}
 k - 2 potions of degeneration {unknown}
 m - a potion of haste {unknown}
 n - a potion of invisibility
 s - a potion of heal wounds
 v - a potion of berserk rage {unknown}


   Skills:
 + Level 1.3 Fighting
 - Level 1.0 Armour
 - Level 3.0 Dodging
 - Level 3.0 Stealth
 * Level 7.1 Spellcasting
 + Level 3.2 Conjurations
 - Level 1.1 Summonings
 - Level 1.2 Necromancy
 - Level 1.1 Translocations
 + Level 1.1 Ice Magic
 - Level 1.1 Air Magic
 - Level 1.2 Poison Magic
 - Level 1.1 Evocations


You had 6 spell levels left.
You knew the following spells:

 Your Spells              Type           Power      Damage    Failure   Level
a - Magic Dart            Conj           100%       1d8       2%          1
b - Mephitic Cloud        Conj/Pois/Air  23%        N/A       12%         3
c - Call Imp              Summ           36%        N/A       9%          2
d - Blink                 Tloc           36%        N/A       9%          2
e - Freezing Cloud        Conj/Ice/Air   11%        6-21      73%         5

Your spell library contained the following spells:

 Spells                   Type           Power      Damage    Failure   Level
 Searing Ray              Conj           62%        2d6       3%          2
 Necrotise                Necr           72%        1d7       5%          1
 Cigotuvi's Dreadful Rot  Necr/Pois/Air  36%        N/A       8%          2
 Poisonous Vapours        Pois/Air       38%        N/A       8%          2
 Slow                     Hex            44%        N/A       9%          1
 Vampiric Draining        Necr           18%        2d7       16%         3
 Inner Flame              Hex/Fire       11%        N/A       26%         3
 Fulminant Prism          Conj/Hex       10%        3d8       41%         4
 Manifold Assault         Tloc           18%        N/A       50%         4
 Agony                    Necr           18%        N/A       82%         5
 Yara's Violent Unravell  Hex/Tmut       5%         3d4       94%         5
 Enfeeble                 Hex            5%         N/A       100%        7
 Storm Form               Tmut/Air       7%         N/A       100%        7


Dungeon Overview and Level Annotations

Branches:
Dungeon (4/15)
 Temple: D:4-7

Altars:
Makhleb
The Shining One

Annotations:
D:1 Loot behind rock
D:4 Edmund


Message History

A puff of flame appears from out of thin air!
The puff of flame misses you.
Unknown command.
The orc barely misses you.
Unknown command.
The orc misses you.
Unknown command.
The orc hits you with a +0 hand axe.
You hear some strange, mumbled words.
You are more confused.
Unknown command.
The orc hits you but does no damage.
Unknown command.
The orc closely misses you.
A puff of flame appears from out of thin air!
The puff of flame misses you.
The puff of flame hits the orc wizard!
Unknown command.
The orc closely misses you.
Unknown command.
The orc hits you with a +0 hand axe.
Unknown command.
The orc hits you but does no damage.
A puff of flame appears from out of thin air!
The puff of flame hits you!
* * * LOW HITPOINT WARNING * * *
Unknown command.
It was a potion of brilliance.
You feel clever all of a sudden. The orc hits you with a +0 hand axe.
* * * LOW HITPOINT WARNING * * *
An orc comes into view. It is wielding a +0 dagger.
Okay, then.
It was a potion of resistance.
You feel protected. The orc hits you but does no damage.
You're too confused to cast spells.
You nearly stumble into some lava!
The orc closely misses you.
A magic dart appears from out of thin air!
The magic dart hits you!
You die...

#.............# ###
#.............# #..
#.........###.#####.# .
##########............... ..
#...........###.#.#####.#
...####.....≈o8o≈....<......#.#
...........≈oso§........>#.#.#
##.......≈≈o§≈.........#...#
+......{§≈@≈≈o######..#####
#...###§≈§§≈≈o.............
#...# #.≈§§≈≈......#.......
#.... #§§§≈§≈.####.##.####.
.o.!......§≈§.(# #.##.#
.o....##........# #.##.#
........####.#...o. #.##.####
........# #.#####.# #..)...<#
......### ####.####


You could see a scorpion, an orc wizard and 7 orcs.

Vanquished Creatures
  A water moccasin (D:3)
  Pargi (D:3)
  2 orc wizards (D:3)
  3 gnolls (D:3)
  5 adders
  2 worms
  4 dart slugs
  4 orcs
  9 endoplasms
  4 giant cockroaches
  3 goblins
  8 hobgoblins
  6 jackals (D:3)
  4 quokkas
  6 ball pythons
  5 bats
  2 frilled lizards
  9 kobolds
  4 rats
82 creatures vanquished.

Vanquished Creatures (collateral kills)
  An orc (D:3)
  2 jackals (D:3)
3 creatures vanquished.

Grand Total: 85 creatures vanquished

Notes
Turn   | Place    | Note
-------+----------+-------------------------------------------
     0 | D:1      | pokeman the Deep Elf Hedge Wizard began the quest for the
                  | Orb.
     0 | D:1      | Reached XP level 1. HP: 10/10 MP: 7/7
   510 | D:1      | Reached XP level 2. HP: 16/16 MP: 3/9
   997 | D:2      | Reached skill level 5 in Spellcasting
  1329 | D:2      | Reached XP level 3. HP: 20/20 MP: 6/11
  1333 | D:2      | Learned a level 3 spell: Mephitic Cloud
  1336 | D:2      | Learned a level 2 spell: Call Imp
  1339 | D:2      | Learned a level 2 spell: Blink
  1468 | D:2      | Reached skill level 1 in Armour
  1731 | D:2      | Reached skill level 1 in Fighting
  1893 | D:2      | Reached XP level 4. HP: 25/25 MP: 11/13
  2284 | D:3      | Reached skill level 6 in Spellcasting
  2284 | D:3      | Reached XP level 5. HP: 23/29 MP: 13/15
  2515 | D:3      | Found a glowing golden altar of the Shining One.
  2516 | D:3      | Noticed Pargi
  2555 | D:3      | Killed Pargi
  2556 | D:3      | Reached skill level 1 in Necromancy
  2556 | D:3      | Reached skill level 1 in Air Magic
  2556 | D:3      | Reached skill level 1 in Poison Magic
  2556 | D:3      | Reached skill level 1 in Evocations
  2556 | D:3      | Reached XP level 6. HP: 24/34 MP: 11/17
  2600 | D:3      | Learned a level 5 spell: Freezing Cloud
  2902 | D:3      | Noticed a water moccasin
  2921 | D:3      | Killed a water moccasin
  2922 | D:3      | Reached skill level 7 in Spellcasting
  2922 | D:3      | Reached skill level 1 in Ice Magic
  3228 | D:4      | Found a burning altar of Makhleb.
  3297 | D:4      | Noticed Edmund
  3402 | D:4      | HP: 1/34 [orc/+0 hand axe (2)]
  3404 | D:4      | Killed from afar by an orc wizard

Illustrated notes

Levels and vault maps discovered:
D:1:      saegor_arrival_simple_a, layout_basic, minivault_24,
          due_unseen_surprise
D:2:      layout_basic
D:3:      minmay_chambers_of_twos, layout_loops_ring,
          mainiacjoe_overflow_cross_hatched, uniq_pargi
D:4:      layout_basic, vehumet_altar_wand_db, mainiacjoe_overflow_catwalk,
          minmay_temple_entry_sparse_star, uniq_pikel, uniq_duvessa,
          uniq_eustachio, uniq_edmund

Skill      XL: |  1  2  3  4  5  6 |
---------------+-------------------+-----
Spellcasting   | 5 6 7 |  7.1
Armour         | 1 |  1.0
Fighting       | 1 |  1.3
Conjurations   | 2 3 |  3.2
Dodging        | 3 |  3.0
Stealth        | 3 |  3.0
Necromancy     | 1 |  1.2
Air Magic      | 1 |  1.1
Poison Magic   | 1 |  1.2
Evocations     | 1 |  1.1
Ice Magic      | 1 |  1.1
Summonings     | |  1.1
Translocations | |  1.1

Action                     |  1- 3 |  4- 6 || total
---------------------------+-------+-------++-------
  Melee: Dagger            |    10 |    48 ||    58
   Cast: Magic Dart        |   102 |   109 ||   211
         Mephitic Cloud    |     1 |    10 ||    11
         Call Imp          |       |     4 ||     4
         Blink             |       |     2 ||     2
    Use: Potion            |       |     2 ||     2
   Stab: Confused          |     2 |     8 ||    10
 Armour: Robe              |     5 |    16 ||    21
  Dodge: Dodged            |    16 |    59 ||    75

Table legend: (Time is in decaauts)
 A = Elapsed time spent in this place.
 B = Non-inter-level travel time spent in this place.
 C = Inter-level travel time spent in this place.
 D = Time resting spent in this place.
 E = Time spent auto-exploring this place.
 F = Levels seen in this place.
 G = Mean time per level.
                   A        B        C        D        E       F      G
               +--------+--------+--------+--------+--------+-----+--------+
         Total |   3405 |   3346 |     59 |     85 |   2672 |   4 |  851.2 |
       Dungeon |   3405 |   3346 |     59 |     85 |   2672 |   4 |  851.2 |
               +--------+--------+--------+--------+--------+-----+--------+

Top non-repeatable levels by time:
     D:2: 1227 daAuts
     D:3: 1129 daAuts
     D:1: 857 daAuts
     D:4: 190 daAuts
